 Dungeon Crawl Stone Soup version 0.25-a0-447-gff83419037 (webtiles) character file.

Game seed: 2170671346174481735, levelgen mode: deterministic

853 MrRokkomies the Bolt Thrower (level 8, -4/51 HPs)
             Began as a Kobold Hunter on Jan 31, 2020.
             Was a Believer of Makhleb.
             Killed by divine providence
             ... invoked by an orc priest
              (12 damage)
             ... on level 5 of the Dungeon.
             The game lasted 00:10:14 (3794 turns).

MrRokkomies the Bolt Thrower (Kobold Hunter)        Turns: 3794, Time: 00:10:15

Health: -4/51      AC: 10    Str: 11    XL:     8   Next: 21%
Magic:  8/8        EV: 30    Int: 13    God:    Makhleb [**....]
Gold:   299        SH:  0    Dex: 15    Spells: 7/7 levels left

rFire    . . .     SeeInvis .   b - +0 quarterstaff
rCold    . . .     Gourm    .   (shield currently unavailable)
rNeg     . . .     Faith    .   l - +0 ring mail
rPois    .         Spirit   .   c - +1 hat
rElec    .         Reflect  .   (no cloak)
rCorr    .         Harm     .   (no gloves)
MR       +....                  (no boots)
Stlth    ++........             q - amulet of the acrobat
HPRegen  0.17/turn              h - +4 ring of protection
MPRegen  0.11/turn              n - ring of protection from magic

@: acrobat
A: small, carnivore
a: Minor Destruction, Renounce Religion


You were on level 5 of the Dungeon.
You worshipped Makhleb.
Makhleb was pleased with you.
You were not hungry.

You visited 1 branch of the dungeon, and saw 5 of its levels.

You collected 299 gold pieces.

Inventory:

Hand Weapons
 a - a +1 hand crossbow
 b - a +0 quarterstaff (weapon)
Missiles
 d - 76 bolts
 m - 44 poisoned darts (quivered)
Armour
 c - a +1 hat (worn)
 l - a +0 ring mail (worn)
Jewellery
 h - a +4 ring of protection (left hand)
 i - an uncursed ring of ice
 n - a ring of protection from magic (right hand)
 q - an amulet of the acrobat (around neck)
 z - an uncursed ring of see invisible
Wands
 p - a wand of disintegration (16)
Scrolls
 g - a scroll of immolation
 k - 4 scrolls of remove curse
 s - 3 scrolls of teleportation {unknown}
 t - 5 scrolls of identify
 u - a scroll of amnesia {unknown}
 v - a scroll of magic mapping
 x - 2 scrolls of enchant weapon {unknown}
 y - a scroll of random uselessness {unknown}
 B - 3 scrolls of holy word {unknown}
Potions
 e - a potion of brilliance {unknown}
 o - 3 potions of curing
 r - a potion of magic {unknown}
 w - a potion of might {unknown}
 A - a potion of mutation {unknown}
Comestibles
 f - 10 rations


   Skills:
 * Level 5.9 Fighting
 * Level 7.8 Crossbows
 + Level 4.9 Dodging
 + Level 4.9 Stealth


You had 7 spell levels left.
You didn't know any spells.
Your spell library was empty.

Dungeon Overview and Level Annotations

Branches:
Dungeon (5/15)             Temple (0/1) D:5

Altars:
Dithmenos
Fedhas
Gozag
Kikubaaqudgha
Makhleb
Ru
Sif Muna
Wu Jian
Zin


Innate Abilities, Weirdness & Mutations

You are small and have problems with some larger weapons.
You are carnivorous and can eat meat at any time.


Message History

You blink.
A worker ant comes into view.
The orc priest calls down the wrath of Beogh upon you.
Beogh smites you!
* * * LOW HITPOINT WARNING * * *
You feel much better. The orc misses you.
Okay, then.
Unknown command.
Okay, then.
The orc priest calls down the wrath of Beogh upon you.
Beogh smites you! The orc hits you but does no damage.
The orc completely misses you. x2
The orc priest invokes the aid of Beogh against you.
Pain shoots through your body! The orc barely misses you.
The orc priest calls down the wrath of Beogh upon you.
Beogh smites you!
* * * LOW HITPOINT WARNING * * *
The orc priest invokes the aid of Beogh against you.
Beogh smites you!
You die...

# #. #.. #... #..... .
#.....############.. .#
#.@o.oo........ .#
#...o.......... .#######
#....a......... .#.≈≈≈.#
#....o.........
.#..≈≈.########..............
..≈≈_≈.#......#####)#####....
..≈≈≈.≈#......#####.#### ..#####
.#.≈≈≈≈#......##.......#####...#
.#.....#......##.##.##.##......#


You could see a worker ant, an orc priest and 4 orcs.

Vanquished Creatures
  A phantom (D:5)
  2 ogres (D:4)
  A scorpion (D:5)
  2 crimson imps
  A hound (D:2)
  An orc priest (D:4)
  2 jellies (D:5)
  2 orc wizards (D:3)
  3 worker ants (D:4)
  12 adders
  An ooze (D:4)
  An adder zombie (D:5)
  A worm (D:3)
  5 dart slugs
  5 leopard geckos
  18 orcs
  6 bats
  4 giant cockroaches
  8 goblins
  7 hobgoblins
  A jackal (D:2)
  3 quokkas
  2 ball pythons (D:2)
  5 frilled lizards
  4 kobolds
  4 rats
102 creatures vanquished.

Notes
Turn   | Place    | Note
-------+----------+-------------------------------------------
     0 | D:1      | MrRokkomies the Kobold Hunter began the quest for the Orb.
     0 | D:1      | Reached XP level 1. HP: 12/12 MP: 1/1
   229 | D:1      | Reached skill level 5 in Crossbows
   229 | D:1      | Reached XP level 2. HP: 17/18 MP: 2/2
   639 | D:1      | Reached XP level 3. HP: 17/22 MP: 3/3
   751 | D:2      | Reached XP level 4. HP: 25/28 MP: 4/4
   916 | D:2      | Found a burning altar of Makhleb.
   937 | D:2      | Became a worshipper of Makhleb the Destroyer
  1370 | D:3      | Reached XP level 5. HP: 32/32 MP: 5/5
  1817 | D:3      | Reached skill level 6 in Crossbows
  1906 | D:3      | Reached * piety under Makhleb
  2199 | D:3      | Reached XP level 6. HP: 30/38 MP: 6/6
  2474 | D:3      | Found an opulent altar of Gozag.
  2478 | D:3      | Found a sacrificial altar of Ru.
  2480 | D:3      | Found a glowing silver altar of Zin.
  2490 | D:3      | Found an ancient bone altar of Kikubaaqudgha.
  2496 | D:3      | Found an ornate altar of the Wu Jian Council.
  2576 | D:4      | Noticed an ogre
  2588 | D:4      | Killed an ogre
  2681 | D:4      | Noticed an ogre
  2689 | D:4      | Killed an ogre
  2689 | D:4      | Reached XP level 7. HP: 38/44 MP: 7/7
  2712 | D:4      | Reached skill level 5 in Fighting
  2712 | D:4      | Reached skill level 7 in Crossbows
  3261 | D:5      | Entered Level 5 of the Dungeon
  3261 | D:5      | Found a staircase to the Ecumenical Temple.
  3285 | D:5      | Reached ** piety under Makhleb
  3436 | D:5      | Reached XP level 8. HP: 44/51 MP: 8/8
  3570 | D:5      | Found a shimmering blue altar of Sif Muna.
  3661 | D:5      | Found a blossoming altar of Fedhas.
  3749 | D:5      | Found a shadowy altar of Dithmenos.
  3794 | D:5      | Killed from afar by an orc priest

Levels and vault maps discovered:
D:1:      minmay_arrival_nine_rooms, layout_rooms, due_unseen_surprise
D:2:      minmay_evil_eye, layout_loops_ring, makhleb_blood_cavern_becter
D:3:      layout_basic, minmay_overflow_temple_star_hex, first_ration,
          serial_park_tiny_pond
D:4:      layout_basic
D:5:      layout_gridville, lemuel_round_altar, nicolae_overflow_hidden_temple,
          nicolae_overflow_crystal_walls, minmay_temple_entry_tees,
          fedhas_altar_2, uniq_grinder, uniq_ijyb

Skill      XL: |  1  2  3  4  5  6  7 |
---------------+----------------------+-----
Crossbows      | 5 6 7 |  7.8
Stealth        | 2 3 4 |  4.9
Fighting       | 3 4 5 |  5.9
Dodging        | 3 4 |  4.9

Action                   |  1- 3 |  4- 6 |  7- 9 || total
-------------------------+-------+-------+-------++-------
Melee: Short sword       |    72 |       |       ||    72
       Quarterstaff      |    24 |   151 |   113 ||   288
 Fire: Hand crossbow     |       |    59 |    54 ||   113
  Use: Scroll            |       |     5 |       ||     5
       Potion            |       |     1 |     1 ||     2
 Stab: Sleeping          |     3 |       |     2 ||     5
  Eat: Chunk             |       |    13 |       ||    13
Armor: Leather armour    |    18 |       |       ||    18
       Ring mail         |    32 |    88 |    29 ||   149
Dodge: Dodged            |    66 |   181 |   112 ||   359

Table legend:
 A = Non-vault XP
 B = Vault XP
 C = Vault XP percentage of total XP
 D = Non-vault monster count
 E = Vault monster count
 F = Vault count percentage of total count
                 A         B        C        D         E       F
            +---------+---------+-------+---------+---------+-------
      Total |    1164 |      55 |   4.5 |      96 |       6 |   5.9
            +---------+---------+-------+---------+---------+-------
        D:1 |      30 |       0 |   0.0 |      16 |       0 |   0.0
        D:2 |      59 |      55 |  48.2 |      17 |       6 |  26.1
        D:3 |     189 |       0 |   0.0 |      29 |       0 |   0.0
        D:4 |     515 |       0 |   0.0 |      20 |       0 |   0.0
        D:5 |     371 |       0 |   0.0 |      14 |       0 |   0.0
            +---------+---------+-------+---------+---------+-------
